 Dungeon Crawl Stone Soup version 0.19-a0-32-gbfd796a (webtiles) character file.

24 M4edhros the Grave Robber (level 3, -1/21 HPs)
             Began as an Octopode Necromancer on May 2, 2016.
             Slain by M4edhros's ghost (4 damage)
             ... on level 3 of the Dungeon.
             The game lasted 00:04:45 (297 turns).

M4edhros the Grave Robber (Octopode Necromancer)     Turns: 297, Time: 00:04:46

Health: -1/21      AC:  1    Str:  7    XL:     3   Next: 2%
Magic:  4/6        EV: 18    Int: 17    God:
Gold:   10         SH:  0    Dex: 18    Spells: 3 memorised, 1 level left

rFire  . . .     SeeInvis .       - Unarmed
rCold  . . .     Gourm    .     (no shield)
rNeg   . . .     Faith    .     (helmet restricted)
rPois  .         Spirit   .     (no amulet)
rElec  .         Dismiss  .     (no ring)
rCorr  .         Reflect  .     (no ring)
SustAt .         Harm     .     (no ring)
MR     .....                    (no ring)
Stlth  +++++.....               (no ring)
                                (no ring)
                                (no ring)
                                (no ring)

@: agile, not resistant to hostile enchantments, quite stealthy
A: almost no armour, amphibious, 8 rings, constrict 8, camouflage 1, gelatinous
body 1
a: no special abilities


You were on level 3 of the Dungeon.
You were not hungry.

You visited 1 branch of the dungeon, and saw 4 of its levels.

You collected 10 gold pieces.

Inventory:

Potions
 g - a potion of agility
Books
 a - a book of Necromancy

   Spells                             Type                      Level
   a - Pain                           Necromancy                   1
   b - Animate Skeleton               Necromancy                   1
   c - Vampiric Draining              Necromancy                   3
   d - Regeneration                   Charms/Necromancy            3
   e - Animate Dead                   Necromancy                   4
   f - Control Undead                 Necromancy                   4
Comestibles
 b - a bread ration
 c - a meat ration
 f - 2 chunks of flesh


   Skills:
 - Level 2.0 Dodging
 - Level 2.6 Stealth
 + Level 2.5 Unarmed Combat
 - Level 2.0 Spellcasting
 - Level 4.0 Necromancy


You had one spell level left.
You knew the following spells:

 Your Spells              Type           Power        Failure   Level  Hunger
a - Pain                  Necr           ###.         3%          1    #......
b - Animate Skeleton      Necr           N/A          3%          1    #......
r - Regeneration          Chrm/Necr      #.........   24%         3    ###....


Dungeon Overview and Level Annotations

Branches:
Dungeon (4/15)
 Temple: D:4-7

Altars:

Annotations:
D:3 M4edhros's ghost, weakling OpNe


Innate Abilities, Weirdness & Mutations

You cannot wear most types of armour.
You are amphibious.
You can wear up to eight rings at the same time.
You can use your tentacles to constrict eight enemies at once.
Your skin changes colour to match your surroundings (Stealth).
Your rubbery body absorbs attacks (AC +1).


Message History

It was a potion of agility.
You feel agile all of a sudden.
You aren't carrying any items that you can evoke.
Read which item? (? for menu, Esc to quit)
As you read the scroll labeled ZUTISY YGOCUL, it crumbles to dust.
You feel blessed for a moment.
It was a scroll of remove curse.
Read which item? (? for menu, Esc to quit)
As you read the scroll labeled URHUIT NIUBETZ, it crumbles to dust.
It is a scroll of amnesia.
Forget which spell ([?*] list [ESC] exit)?
Forget which spell ([?*] list [ESC] exit)?
Okay, then.
Read which item? (? for menu, Esc to quit)
As you read the scroll labeled LESOLA KEURUPH, it crumbles to dust.
The air around you briefly surges with heat, but it dissipates.
It was a scroll of immolation.
You completely miss M4edhros's ghost. M4edhros's ghost misses you.
You barely miss M4edhros's ghost. Your squeeze misses M4edhros's ghost.
M4edhros's ghost hits you.
You die...

##### #.........#
#.........#.#
######..###.# ##.#
.# #.## .# #.W##.###
##.#.....# #.#..##.#
#.#@....######
#.W..#..##... #
###...#.....##.#
#.......#....#.##
#.##..#.........####
#. #.>#.#.##........
. ##.....##..######
###...####.##..#
#.#. ...#..#


You could see M4edhros's ghost.

Vanquished Creatures
  An ooze (D:1)
  3 dart slugs
  An orc (D:3)
  4 bats
  2 giant newts (D:1)
  2 goblins (D:1)
  2 kobolds (D:1)
  A rat (D:1)
16 creatures vanquished.

Notes
Turn   | Place    | Note
--------------------------------------------------------------
     0 | D:1      | M4edhros the Octopode Necromancer began the quest for the Orb.
     0 | D:1      | Reached XP level 1. HP: 11/11 MP: 3/3
    13 | D:1      | Reached skill level 1 in Unarmed Combat
    76 | D:1      | Reached XP level 2. HP: 14/17 MP: 1/5
   183 | D:4      | Noticed an ogre
   251 | D:3      | Reached XP level 3. HP: 6/21 MP: 3/6
   254 | D:3      | Learned a level 1 spell: Animate Skeleton
   258 | D:3      | Learned a level 3 spell: Regeneration
   271 | D:3      | Noticed M4edhros's ghost (weakling OpNe)
   297 | D:3      | Slain by M4edhros's ghost

Vault maps used:
D:1:      matt_arrival_grand_opening
D:2:      minmay_overflow_temple_hex
D:3:      kennysheep_slugbush, uniq_natasha
D:4:      nemelex_xobeh_ov_fountains_minmay, grunt_temple_overflow_open,
          roderic_lattice_a, serial_bayou_pond_b, st_stairs_8

Skill      XL: |  1  2 |
---------------+-------+-----
Unarmed Combat | 1 2 |  2.5
Dodging        | |  2.0
Stealth        | |  2.6
Spellcasting   | |  2.0
Necromancy     | |  4.0

Action                   || total
-------------------------++-------
Melee: Unarmed           ||    19
       Constrict         ||     6
       Tentacles         ||     5
 Cast: Pain              ||    15
       Regeneration      ||     1
  Use: Potion            ||     2
       Scroll            ||     3
 Stab: Sleeping          ||     2
Dodge: Dodged            ||     9
